 Dungeon Crawl Stone Soup version 0.23.0 (webtiles) character file.

Game seed: 793281393631413252

14507 Faca the Archer (level 11, -2/102 HPs)
             Began as a Centaur Hunter on Feb 13, 2019.
             Was an Elder of Okawaru.
             Slain by a blink frog (13 damage)
             ... on level 3 of the Lair of Beasts.
             The game lasted 00:43:00 (22342 turns).

Faca the Archer (Centaur Hunter)                   Turns: 22342, Time: 00:43:00

Health: -2/102     AC:  7    Str: 16    XL:     11   Next: 89%
Magic:  16/16      EV:  6    Int: 10    God:    Okawaru [****..]
Gold:   541        SH:  0    Dex: 12    Spells: 10/10 levels left

rFire    + . .     SeeInvis +   I - +2 shortbow (freeze)
rCold    + . .     Gourm    .   (shield currently unavailable)
rNeg     . . .     Faith    .   s - +1 ring mail "Nemyl" {SInv Stlth+} (curse)
rPois    +         Spirit   .   (no helmet)
rElec    .         Reflect  .   a - scarf {rC+ rF+}
rCorr    .         Harm     .   (no gloves)
MR       .....                  b - +0 centaur barding
Stlth    +.........             J - amulet of inaccuracy (curse)
HPRegen  0.27/turn              C - ring of poison resistance
MPRegen  0.15/turn              K - -3 ring of protection (curse)

@: very quick
A: large, hooves 3, deformed body, speed 2, tough skin 3
a: Heroism, Renounce Religion


You were on level 3 of the Lair of Beasts.
You worshipped Okawaru.
Okawaru was greatly pleased with you.
You were not hungry.

You visited 3 branches of the dungeon, and saw 15 of its levels.
You also visited: Bailey.

You collected 830 gold pieces.
You spent 289 gold pieces at shops.

Inventory:

Hand Weapons
 j - a +2 spear of venom
 B - a +4 halberd
 E - a +2 trident of protection
 F - a +2 shortbow of flaming
 I - a +2 shortbow of freezing (weapon)
Missiles
 d - 380 arrows (quivered)
 e - 2 throwing nets
Armour
 a - a scarf of resistance (worn)
 b - a +0 centaur barding (worn)
 r - a +4 scale mail
 s - the cursed +1 ring mail "Nemyl" (worn) {SInv Stlth+}
   (You bought it in a shop on level 8 of the Dungeon)

   It lets you see invisible.
   It makes you more stealthy.
   It has a curse placed upon it.
 A - a +0 cloak
Jewellery
 i - an uncursed ring of protection from cold
 y - a +3 ring of evasion
 C - a ring of poison resistance (left hand)
 J - a cursed amulet of inaccuracy (around neck)
 K - a cursed -3 ring of protection (right hand)
Wands
 m - a wand of clouds (4)
 p - a wand of polymorph (9)
 q - a wand of paralysis (10)
 G - a wand of scattershot (8)
Scrolls
 l - 5 scrolls of teleportation
 t - 2 scrolls of identify
 u - 5 scrolls of enchant weapon
 x - a scroll of fog
 z - 3 scrolls of enchant armour
Potions
 c - 3 potions of mutation
 g - 2 potions of haste
 h - 3 potions of flight
 k - 2 potions of agility
 n - 2 potions of ambrosia
 o - a potion of brilliance
 v - 2 potions of lignification
 w - a potion of curing
 D - a potion of invisibility
 H - a potion of might {unknown}
Comestibles
 f - 20 rations


   Skills:
 + Level 11.4 Fighting
 + Level 10.1 Polearms
 - Level 13.0 Bows
 - Level 1.3 Dodging
 - Level 0.4 Stealth
 + Level 6.6 Invocations


You had 10 spell levels left.
You didn't know any spells.
Your spell library contained the following spells:

 Spells                   Type           Power        Failure   Level  Hunger
 Animate Skeleton         Necr           N/A          58%         1    ##.....
 Apportation              Tloc           #.....       58%         1    ##.....
 Confusing Touch          Hex            #.....       58%         1    ##.....
 Infusion                 Chrm           #...         58%         1    ##.....
 Shock                    Conj/Air       #...         58%         1    ##.....
 Summon Small Mammal      Summ           #...         58%         1    ##.....
 Shroud of Golubria       Chrm/Tloc      #.........   73%         2    ###....
 Song of Slaying          Chrm           #.......     73%         2    ###....
 Swiftness                Chrm/Air       #.......     73%         2    ###....
 Regeneration             Chrm/Necr      #.........   91%         3    ####...
 Spectral Weapon          Hex/Chrm       #.......     91%         3    ####...
 Static Discharge         Conj/Air       #.......     91%         3    ####...
 Airstrike                Air            #.........   100%        4    #####..
 Lightning Bolt           Conj/Air       #.........   100%        5    ######.


Dungeon Overview and Level Annotations

Branches:
Dungeon (11/15)            Temple (1/1) D:7            Lair (3/6) D:9
    Orc (0/2) D:10
  Swamp: Lair:2-4    Shoals: Lair:2-4     Snake: Lair:2-4    Spider: Lair:2-4

Altars:
Ashenzari
Cheibriados
Dithmenos
Elyvilon
Fedhas
Gozag
Hepliaklqana
Kikubaaqudgha
Makhleb
Nemelex Xobeh
Okawaru
Qazlal
Ru
Sif Muna
Trog
Uskayaw
Vehumet
Wu Jian
Xom
Yredelemnul
Zin
The Shining One

Shops:
D:7 ?   D:8 [

Annotations:
D:9 Fannar
Lair:1 1 runed translucent door, Bukhlaj's ghost, journeyman HOFi


Innate Abilities, Weirdness & Mutations

You have hooves in place of feet.
Armour fits poorly on your strangely shaped body.
You cover ground very quickly.
You have extremely tough skin. (AC +3)


Message History

Aim: a blink frog (heavily wounded, slow)
You shoot an arrow.
The arrow closely misses the blink frog.
The blink frog hits you!
* * * LOW HITPOINT WARNING * * *
Firing (i - inventory. (/) - cycle)
d - 382 arrows (quivered)
Press: ? - help, Shift-Dir - straight line, f/p - blink frog
Aim: a blink frog (heavily wounded, slow)
You shoot an arrow. The arrow hits the blink frog!
The arrow freezes the blink frog.
The blink frog is severely wounded.
The blink frog is no longer moving slowly.
The blink frog hits you!
* * * LOW HITPOINT WARNING * * *
Firing (i - inventory. (/) - cycle)
d - 381 arrows (quivered)
Press: ? - help, Shift-Dir - straight line, f/p - blink frog
Aim: a blink frog (severely wounded)
You shoot an arrow. The arrow misses the blink frog.
The blink frog blinks!
The blink frog hits you!
You die...

.###....##P..†.......#....(.#....
..###..###P...b...........(.###..
.##.#P.####.........##...(..# ##.
..#.#..#P.#.................#####
............................P#.#P
.........................).......
....................F.......(....
..............F..F...............
................@§.....(.........
..............................##.
.............#.#.####P##.....####
.###.#..#.#..##########......##..
.....#..####P#P.###.....##..
....##..##......#.#.....##.. ..
#.. ##.....'.......#...
#.#(.###......##..
#######P.(.§..####


You could see 3 blink frogs.

Vanquished Creatures
  A two-headed ogre (D:11)
  Erica (D:9)
  An ugly thing (D:11)
  4 black mambas
  A spiny frog (Lair:3)
  A komodo dragon (Lair:2)
  A hornet (D:7)
  A slime creature (Lair:1)
  A hippogriff (D:11)
  7 blink frogs (Lair:3)
  13 yaks
  A wyvern (D:8)
  Menkaure (D:6)
  A hungry ghost (D:8)
  3 porcupines
  2 water moccasins (Lair:1)
  7 orc warriors
  A sky beast (D:10)
  11 ice beasts
  3 ogres
  11 centaurs
  A phantom (D:9)
  3 crocodiles
  8 bullfrogs
  A gnoll sergeant (D:7)
  A wyvern skeleton (D:8)
  4 scorpions
  3 wights (D:8)
  A howler monkey (D:5)
  6 jellies
  3 crimson imps
  A bullfrog zombie (D:8)
  2 centaur skeletons
  7 hounds
  2 quasits
  2 bullfrog skeletons
  12 orc priests
  16 orc wizards
  4 iguanas
  5 worker ants
  A hound skeleton (D:4)
  A mummy (D:6)
  A howler monkey zombie (D:11)
  A worker ant zombie (D:7)
  4 gnolls
  A howler monkey skeleton (D:9)
  17 adders
  15 oozes
  6 worms
  4 dart slugs
  8 leopard geckos
  59 orcs
  7 giant cockroaches
  9 goblins
  5 hobgoblins
  7 jackals
  4 quokkas
  A ball python (D:2)
  4 bats
  9 frilled lizards
  2 jackal zombies
  9 kobolds
  2 leopard gecko skeletons
  A leopard gecko zombie (D:5)
  2 quokka skeletons
  4 rats
  A bush (D:1)
340 creatures vanquished.

Vanquished Creatures (others)
  13 fungi
  2 plants (Lair:2)
  2 withered plants (Lair:1)
17 creatures vanquished.

Grand Total: 357 creatures vanquished

Notes
Turn   | Place    | Note
-------+----------+-------------------------------------------
     0 | D:1      | Faca the Centaur Hunter began the quest for the Orb.
     0 | D:1      | Reached XP level 1. HP: 17/17 MP: 1/1
   164 | D:1      | Reached XP level 2. HP: 15/25 MP: 2/2
  1368 | D:2      | Reached skill level 6 in Bows
  1398 | D:2      | Found an ornate altar of the Wu Jian Council.
  1464 | D:2      | Reached XP level 3. HP: 24/30 MP: 3/3
  2544 | D:3      | Reached XP level 4. HP: 38/38 MP: 4/4
  2716 | D:3      | Reached skill level 1 in Polearms
  2890 | D:3      | Reached XP level 5. HP: 22/46 MP: 5/5
  3169 | D:3      | Reached skill level 7 in Bows
  3768 | D:4      | Got a polished hand axe
  3796 | D:4      | You fall through a shaft for 3 floors!
  3883 | D:6      | Reached XP level 6. HP: 34/52 MP: 6/6
  4035 | D:5      | Entered Level 5 of the Dungeon
  4676 | D:4      | Reached XP level 7. HP: 57/60 MP: 7/7
  4708 | D:4      | Reached skill level 8 in Bows
  4823 | D:4      | Reached skill level 5 in Fighting
  5171 | D:5      | You fall through a shaft for 2 floors!
  5183 | D:7      | Found a staircase to the Ecumenical Temple.
  5223 | Temple   | Entered the Ecumenical Temple
  5433 | D:7      | Noticed a hornet
  5439 | D:7      | Found Aqaunge's Magic Scroll Shoppe.
  5447 | D:7      | Bought 2 scrolls of noise for 28 gold pieces
  5646 | D:6      | Reached skill level 9 in Bows
  5803 | D:5      | Reached XP level 8. HP: 70/70 MP: 8/8
  6954 | D:6      | Noticed Menkaure
  7260 | D:6      | Killed Menkaure
  7687 | D:6      | Found a snail-covered altar of Cheibriados.
  8091 | D:5      | Reached skill level 5 in Polearms
  8203 | D:6      | Reached skill level 10 in Bows
  8334 | D:7      | Found a shattered altar of Ashenzari.
  8446 | D:7      | Paralysed by a hornet for 3 turns
  8459 | D:7      | Killed a hornet
  8716 | D:7      | Found a basalt altar of Yredelemnul.
  8878 | D:7      | Found a sparkling altar of Nemelex Xobeh.
  8940 | D:7      | Reached XP level 9. HP: 77/79 MP: 9/9
  9936 | D:8      | Reached skill level 11 in Bows
  9948 | D:8      | Found Vaonethu's Antique Armour Boutique.
  9956 | D:8      | Bought a heavily runed ring mail for 261 gold pieces
  9966 | D:8      | Identified the cursed +1 ring mail "Nemyl" {SInv Stlth+}
                  | (You bought it in a shop on level 8 of the Dungeon)
 11528 | D:9      | Found a flagged portal.
 11557 | Bailey   | Entered a bailey
 11557 | Bailey   | Noticed an orc knight
 12057 | D:9      | Reached XP level 10. HP: 88/90 MP: 10/10
 12066 | D:9      | Reached skill level 12 in Bows
 12132 | D:9      | Found a staircase to the Lair.
 12316 | D:9      | Found a hazy altar of Hepliaklqana.
 12316 | D:9      | Found an opulent altar of Gozag.
 12388 | D:9      | Found an iron altar of Okawaru.
 12388 | D:9      | Found a sacrificial altar of Ru.
 12391 | D:9      | Became a worshipper of Warmaster Okawaru
 12543 | D:10     | Entered Level 10 of the Dungeon
 12572 | D:10     | Found a glowing golden altar of the Shining One.
 13264 | D:10     | Noticed Erica
 13726 | D:10     | Reached * piety under Okawaru
 13981 | D:10     | Found a staircase to the Orcish Mines.
 14429 | D:11     | Noticed a two-headed ogre
 14474 | D:11     | Killed a two-headed ogre
 14474 | D:11     | Reached ** piety under Okawaru
 14586 | D:11     | Reached skill level 13 in Bows
 14648 | D:11     | Reached skill level 1 in Invocations
 14655 | D:11     | Reached skill level 10 in Fighting
 14907 | D:11     | Noticed a cyclops
 15283 | D:11     | Noticed a cyan ugly thing
 15328 | D:11     | Killed a cyan ugly thing
 15348 | D:11     | Reached *** piety under Okawaru
 15699 | Lair:1   | Entered Level 1 of the Lair of Beasts
 15699 | Lair:1   | Noticed a black mamba
 15763 | Lair:1   | Noticed Fannar
 16135 | D:9      | Killed Erica
 16135 | D:9      | Reached XP level 11. HP: 100/100 MP: 10/13
 16149 | D:9      | Received a gift from Okawaru
 16426 | Lair:1   | Found a runed translucent door.
 16431 | Lair:1   | Noticed Bukhlaj's ghost (journeyman HOFi)
 19377 | Lair:2   | Reached skill level 5 in Invocations
 19645 | Lair:2   | Reached **** piety under Okawaru
 20315 | Lair:1   | Received a gift from Okawaru
 21915 | Lair:3   | Received a gift from Okawaru
 21923 | Lair:3   | Reached skill level 10 in Polearms
 22342 | Lair:3   | Slain by a blink frog

Skill      XL: |  1  2  3  4  5  6  7  8  9 10 11 |
---------------+----------------------------------+-----
Bows           | 6 7 9 10 11 13 | 13.0
Fighting       | 3 4 5 7 8 10 11 | 11.4
Polearms       | 1 2 3 4 5 7 8 10 | 10.1
Invocations    | 3 6 |  6.6
Dodging        | |  1.3
Stealth        | |  0.4

Action                   |  1- 3 |  4- 6 |  7- 9 | 10-12 || total
-------------------------+-------+-------+-------+-------++-------
Melee: Short sword       |   245 |       |       |       ||   245
       Kick              |    79 |    32 |   102 |   112 ||   325
       Spear             |    19 |   189 |   510 |   476 ||  1194
       Trident           |       |       |       |    44 ||    44
       Punch             |       |       |       |     1 ||     1
 Fire: Shortbow          |       |       |    26 |   221 ||   247
Invok: Heroism           |       |       |       |     6 ||     6
  Use: Scroll            |     3 |     2 |    13 |     9 ||    27
       Potion            |       |       |       |     8 ||     8
 Stab: Sleeping          |       |       |       |     3 ||     3
       Distracted        |       |       |       |     1 ||     1
  Eat: Chunk             |     5 |     6 |     6 |     2 ||    19
       Ration            |       |       |     5 |     8 ||    13
Armor: Leather armour    |    31 |       |       |       ||    31
       Scale mail        |    11 |    99 |   129 |       ||   239
       Ring mail         |     5 |       |    76 |   133 ||   214
Dodge: Dodged            |    61 |    46 |   127 |   121 ||   355
